AoeStats
← 嘉宝叔叔

Fortress

510280617Analyzed
1v1 RM · 2d ago on Sep 30, 2026· 60m 22s· 2 players
Game mode
Random Map
Map size
Small (3 player)
Population
200
Speed
Normal
Resources
Standard
Victory
Conquest
Starting age
Dark Age
Ending age
Imperial Age
RankedLock teamsTeams togetherTeam positionsShared explorationLock speedFull tech treeHidden civsTurbo modeCheats
Victory
Defeat
🇨🇳 Berbers · China
1341
+22
🇪🇪 Cumans · Estonia
1337
-16
Enn Tore
5:21 Feudal Age
5:55 Double-Bit Axe
6:14 Horse Collar
15:52 Castle Age
14:34 Wheelbarrow
18:13 Hand Cart
17:56 Town Watch
21:03 Imperial Age
18:20 Town Watch
18:21 Loom
19:12 Scale Barding Armor
19:31 Forging
19:58 Bloodlines
19:45 Fletching
21:14 Devotion
22:19 Iron Casting
26:42 Pikeman
28:09 Scale Mail Armor
29:10 Blast Furnace
30:01 Chain Mail Armor
30:21 Squires
30:34 Halberdier
32:09 Arson
33:44 Plate Mail Armor
33:10 Bodkin Arrow
33:24 Elite Skirmisher
35:16 Heavy Plow
35:29 Bow Saw
35:50 Conscription
35:40 Padded Archer Armor
36:27 Thumb Ring
36:38 Leather Archer Armor
36:22 Light Cavalry
37:51 Chain Barding Armor
38:02 Ring Archer Armor
38:00 Chain Barding Armor
38:50 Ballistics
39:30 Chemistry
38:41 Masonry
38:13 Hussar
40:47 Plate Barding Armor
42:04 Steppe Husbandry
41:35 Cavalier
42:31 Town Patrol
44:16 Capped Ram
47:13 Siege Ram
嘉宝叔叔
6:58 Feudal Age
7:31 Horse Collar
12:34 Castle Age
11:48 Double-Bit Axe
15:20 Bow Saw
16:22 Wheelbarrow
17:00 Town Watch
24:27 Imperial Age
21:43 Loom
22:29 Fervor
23:04 Scale Barding Armor
23:11 Husbandry
23:22 Bloodlines
23:59 Forging
24:16 Chain Barding Armor
24:35 Bloodlines
25:15 Forging
25:46 Plate Barding Armor
24:54 Heavy Camel Rider
27:57 Fletching
28:08 Padded Archer Armor
29:27 Bodkin Arrow
29:48 Leather Archer Armor
30:26 Forging
30:38 Elite Skirmisher
31:23 Thumb Ring
31:20 Bracer
31:50 Ring Archer Armor
33:05 Chemistry
32:30 Ballistics
33:25 Heavy Plow
34:21 Hand Cart
35:30 Iron Casting
35:05 Light Cavalry
35:39 Capped Ram
37:47 Blast Furnace
37:33 Hussar
38:57 Pikeman
39:37 Squires
40:01 Scale Mail Armor
40:41 Conscription
41:38 Cavalier
43:05 Chain Mail Armor
42:44 Arson
45:00 Fortified Wall
46:45 Plate Mail Armor
46:52 Maghrebi Camels
Connection lost

Rejoining the realm…

Still unreachable

The connection could not be restored.

Session expired

The server has moved on; the page needs a fresh start.